 Dungeon Crawl Stone Soup version 0.20-a0-848-g73d9be0 (webtiles) character file.

37 Alarkh the Skirmisher (level 3, 29/29 HPs)
             Began as a Demonspawn Fighter on Mar 9, 2017.
             Was an Initiate of Okawaru.
             Got out of the dungeon alive.
             The game lasted 00:00:46 (669 turns).

Alarkh the Skirmisher (Demonspawn Fighter)           Turns: 669, Time: 00:00:46

Health: 29/29      AC:  6    Str: 16    XL:     3   Next: 23%
Magic:  3/3        EV:  7    Int: 15    God:    Okawaru [......]
Gold:   60         SH:  8    Dex: 12    Spells: 2/2 levels left

rFire    + . .     SeeInvis .   a - +0 long sword
rCold    . . .     Gourm    .   b - +0 scale mail
rNeg     . . .     Faith    .   c - +0 shield
rPois    .         Spirit   .   (no helmet)
rElec    .         Reflect  .   (no cloak)
rCorr    .         Harm     .   (no gloves)
MR       .....                  (no boots)
Stlth    ..........             (no amulet)
Regen    0.1/turn               (no ring)
MPRegen  0.1/turn               l - +5 ring of intelligence

@: no status effects
A: fire resistance 1, spiny 1
a: Renounce Religion


You escaped.
You worshipped Okawaru.
Okawaru was noncommittal.
You were not hungry.

You visited 1 branch of the dungeon, and saw 1 of its levels.

You collected 60 gold pieces.

Inventory:

Hand Weapons
 a - a +0 long sword (weapon)
Armour
 b - a +0 scale mail (worn)
 c - a +0 shield (worn)
Jewellery
 l - a +5 ring of intelligence (left hand)
Scrolls
 i - a scroll of remove curse {unknown}
Potions
 d - a potion of might
 e - a potion of agility {unknown}
 h - a potion of brilliance {unknown}
 k - a potion of mutation {unknown}
Comestibles
 f - a bread ration
 g - a royal jelly
 j - 2 chunks of flesh
 m - a meat ration


   Skills:
 + Level 3.1 Fighting
 * Level 2.3 Long Blades
 + Level 2.8 Armour
 + Level 1.0 Dodging
 + Level 3.1 Shields


You had 2 spell levels left.
You didn't know any spells.

Dungeon Overview and Level Annotations

Branches:
Dungeon (1/15)

Altars:
Okawaru


Innate Abilities, Weirdness & Mutations

Your flesh is heat resistant. (rF+)
You are partially covered in sharp spines.


Message History

Okawaru accepts your kill.
Your Dodging skill increases to level 1!
j - 2 chunks of flesh Done exploring.
Things that are here:
a whip; a kobold skeleton
There is an open door here.
The draconian roars!
The halfling shouts!
The minotaur bellows!
The dwarf shouts!
The tengu shouts!
The kobold shouts!
The octopode shouts!
The orc shouts!
The troll shouts!
The demigod shouts!
The centaur shouts!
The felid hisses angrily.
The elf shouts!
The merfolk shouts!
There is an open door here.
There is a staircase leading out of the dungeon here.
Are you sure you want to leave the Dungeon?
This will make you lose the game!
You have escaped!

###############
#x#a#T#c#6#e#N####
###############..#
..............'.@#
###############..#
#o#9#p#V#h#m#n####
############### #
# # # #


There were no monsters in sight!

Vanquished Creatures
  An adder (D:1)
  An ooze (D:1)
  3 bats (D:1)
  2 giant cockroaches (D:1)
  2 goblins (D:1)
  3 hobgoblins (D:1)
  A frilled lizard (D:1)
  6 kobolds (D:1)
  4 rats (D:1)
23 creatures vanquished.

Notes
Turn   | Place    | Note
-------+----------+-------------------------------------------
     0 | D:1      | Alarkh the Demonspawn Fighter began the quest for the Orb.
     0 | D:1      | Reached XP level 1. HP: 18/18 MP: 1/1
     2 | D:1      | Noticed a naga
     2 | D:1      | Noticed a ghoul
     4 | D:1      | Noticed an elf
     4 | D:1      | Noticed a merfolk
     6 | D:1      | Noticed a demonspawn
     6 | D:1      | Noticed a felid
     8 | D:1      | Noticed a centaur
     8 | D:1      | Noticed a vampire
    11 | D:1      | Noticed a troll
    11 | D:1      | Noticed a demigod
    13 | D:1      | Noticed a formicid
    13 | D:1      | Noticed a gargoyle
    15 | D:1      | Noticed an octopode
    17 | D:1      | Noticed a tengu
    20 | D:1      | Noticed a human
    22 | D:1      | Noticed a dwarf
    22 | D:1      | Noticed a spriggan
    24 | D:1      | Noticed an ogre
    24 | D:1      | Noticed a minotaur
    26 | D:1      | Noticed a draconian
    26 | D:1      | Noticed a halfling
    28 | D:1      | Noticed a vine stalker
   183 | D:1      | Found an iron altar of Okawaru.
   190 | D:1      | Became a worshipper of Warmaster Okawaru
   265 | D:1      | Gained mutation: You are partially covered in sharp spines. [demonic ancestry]
   265 | D:1      | Reached XP level 2. HP: 24/24 MP: 2/2
   587 | D:1      | Gained mutation: Your flesh is heat resistant. (rF+) [demonic ancestry]
   587 | D:1      | Reached XP level 3. HP: 29/29 MP: 3/3
   598 | D:1      | Reached skill level 1 in Dodging
   669 | D:$      | Got out of the dungeon alive.

Vault maps used:
D:1:      kb_arrival_jail, okawaru_ov_weapons_minmay

Skill      XL: |  1  2  3 |
---------------+----------+-----
Long Blades    | 2 |  2.3
Shields        | 3 |  3.1
Dodging        | 1 |  1.0
Fighting       | |  3.1
Armour         | |  2.8

Action                   || total
-------------------------++-------
Melee: Long sword        ||    57
Armor: Scale mail        ||    29
Dodge: Dodged            ||    20
Block: Shield            ||    23
       Rpst.: Long sword ||     6
